SA
LOUISIANA DRAGOONS @ YORK REVOLUTION
07/27/2022
 
TOP OF THE 1ST
Louisiana Dragoons batting - Pitching for York Revolution : RHP Luis Hernández
Pitching: RHP Luis Hernández
Batting: SHB Manuel González 0-0: Ball
1-0: Foul Ball, location: 2F
1-1: Ball
2-1: SINGLE (Flyball, 9LS)
Batting: RHB Jim Burch 0-0: Called Strike
0-1: Called Strike
0-2: Foul Ball, location: 2F
0-2: Ball
1-2: Foul Ball, location: 2F
1-2: Ball
2-2: Strikes out swinging
Batting: RHB Domingo Calderón 0-0: Ball
1-0: SINGLE (Groundball, 6)
Manuel González to second
Batting: RHB Victorino Navarro 0-0: Foul Ball, location: 2F
0-1: Swinging Strike
0-2: Ball
1-2: Ball
2-2: Foul Ball, location: 2F
2-2: Foul Ball, location: 2F
2-2: Ball
3-2: Base on Balls
Manuel González to third
Domingo Calderón to second
Batting: SHB Francisco Valentín 0-0: Called Strike
0-1: Ball
1-1: Foul Ball, location: 2F
1-2: Strikes out looking
Batting: LHB Willie Brown 0-0: Swinging Strike
0-1: Called Strike
0-2: Ball
1-2: Strikes out swinging
Top of the 1st over - 0 run(s), 2 hit(s), 0 error(s), 3 left on base; Louisiana 0 - York 0
BOTTOM OF THE 1ST
York Revolution batting - Pitching for Louisiana Dragoons : RHP Nicholas Beyer
Pitching: RHP Nicholas Beyer
Batting: RHB Jerrel Woestenberg 0-0: Foul Ball, location: 2F
0-1: Ground out 4-3 (Groundball, 4)
Batting: RHB Parker Smith 0-0: Ball
1-0: Foul Ball, location: 2F
1-1: Ball
2-1: Foul Ball, location: 2F
2-2: DOUBLE (Groundball, 3D)
Batting: SHB Bradley Rowe 0-0: Ball
1-0: Ground out 1-3 (Groundball, 13)
Parker Smith to third
Batting: RHB Roberto Ruíz 0-0: Called Strike
0-1: Called Strike
0-2: Hit by Pitch
Batting: RHB Chris Costa 0-0: Fielders Choice at 2nd, U6 (Groundball, 6M)
Bottom of the 1st over - 0 run(s), 1 hit(s), 0 error(s), 2 left on base; Louisiana 0 - York 0
TOP OF THE 2ND
Louisiana Dragoons batting - Pitching for York Revolution : RHP Luis Hernández
Batting: RHB Marlon Cummins 0-0: Fly out, F8 (Line Drive, 8LM)
Batting: RHB Wessel Wemerman 0-0: Ball
1-0: Called Strike
1-1: Ground out 6-3 (Groundball, 56)
Batting: RHB César López 0-0: Hit by Pitch
Batting: SHB Manuel González 0-0: Ball
1-0: Called Strike
César López steals 2nd base
1-1: Swinging Strike
1-2: Strikes out swinging
Top of the 2nd over - 0 run(s), 0 hit(s), 0 error(s), 1 left on base; Louisiana 0 - York 0
BOTTOM OF THE 2ND
York Revolution batting - Pitching for Louisiana Dragoons : RHP Nicholas Beyer
Batting: LHB Michael Nelson 0-0: Ball
1-0: Called Strike
1-1: Ball
2-1: Ball
3-1: Base on Balls
Batting: LHB Marcos Deleón 0-0: Called Strike
0-1: Ball
Michael Nelson steals 2nd base
1-1: Ground out 6-3 (Groundball, 6)
Batting: RHB Pedro Luna 0-0: Ball
1-0: SINGLE (Line Drive, 8LS)
Michael Nelson to third
Runner from 3rd tries for Home, SAFE, throw made home
Batting: RHB Manny Cervantes 0-0: Called Strike
0-1: SINGLE (Flyball, 7S)
Pedro Luna to second
Batting: RHB Jerrel Woestenberg 0-0: Fly out, F7 (Line Drive, 78M)
Batting: RHB Parker Smith 0-0: Ball
1-0: Ball
2-0: Called Strike
2-1: Called Strike
2-2: Ground out 6-3 (Groundball, 6)
Bottom of the 2nd over - 1 run(s), 2 hit(s), 0 error(s), 2 left on base; Louisiana 0 - York 1
TOP OF THE 3RD
Louisiana Dragoons batting - Pitching for York Revolution : RHP Luis Hernández
Batting: RHB Jim Burch 0-0: Foul Ball, location: 2F
0-1: Ground out 6-3 (Groundball, 6)
Batting: RHB Domingo Calderón 0-0: Foul Ball, location: 2F
0-1: Ball
1-1: Ball
2-1: Foul Ball, location: 2F
2-2: Strikes out swinging
Batting: RHB Victorino Navarro 0-0: Called Strike
0-1: Foul Ball, location: 2F
0-2: Foul Ball, location: 2F
0-2: Strikes out looking
Top of the 3rd over - 0 run(s), 0 hit(s), 0 error(s), 0 left on base; Louisiana 0 - York 1
BOTTOM OF THE 3RD
York Revolution batting - Pitching for Louisiana Dragoons : RHP Nicholas Beyer
Batting: SHB Bradley Rowe 0-0: Foul Ball, location: 2F
0-1: Ball
1-1: Called Strike
1-2: Ground out 5-3 (Groundball, 56S)
Batting: RHB Roberto Ruíz 0-0: Ball
1-0: Ball
2-0: Ball
3-0: Base on Balls
Batting: RHB Chris Costa 0-0: Called Strike
0-1: Called Strike
0-2: Ball
1-2: Fly out, F6 (Popup, 6M)
Batting: RHB Danilo Mosca 0-0: Ball
Balk!
Roberto Ruíz to second
1-0: Ball
2-0: SINGLE (Groundball, 4M)
Roberto Ruíz to third
Runner from 3rd tries for Home, SAFE, no throw or cutoff
Batting: LHB Marcos Deleón 0-0: Ball
Danilo Mosca steals 2nd base
1-0: Fly out, F9 (Flyball, 89M)
Bottom of the 3rd over - 1 run(s), 1 hit(s), 0 error(s), 1 left on base; Louisiana 0 - York 2
TOP OF THE 4TH
Louisiana Dragoons batting - Pitching for York Revolution : RHP Luis Hernández
Batting: SHB Francisco Valentín 0-0: Called Strike
0-1: Ball
1-1: Foul Ball, location: 2F
1-2: SINGLE (Groundball, 4MD)
Batting: LHB Willie Brown 0-0: Ball
1-0: Fly out, F6 (Popup, 6MD)
Batting: RHB Marlon Cummins 0-0: Grounds into double play, 6-4-3 (Groundball, 6)
Top of the 4th over - 0 run(s), 1 hit(s), 0 error(s), 0 left on base; Louisiana 0 - York 2
BOTTOM OF THE 4TH
York Revolution batting - Pitching for Louisiana Dragoons : RHP Nicholas Beyer
Batting: RHB Pedro Luna 0-0: Ball
1-0: SOLO HOME RUN (Line Drive, 78XD), Distance : 446 ft
Batting: RHB Manny Cervantes 0-0: Swinging Strike
0-1: Swinging Strike
0-2: Strikes out swinging
Batting: RHB Jerrel Woestenberg 0-0: Called Strike
0-1: Swinging Strike
0-2: Ball
1-2: Ball
2-2: Strikes out swinging
Batting: RHB Parker Smith 0-0: Ball
1-0: Fly out, F8 (Flyball, 8RM)
Bottom of the 4th over - 1 run(s), 1 hit(s), 0 error(s), 0 left on base; Louisiana 0 - York 3
TOP OF THE 5TH
Louisiana Dragoons batting - Pitching for York Revolution : RHP Luis Hernández
Batting: RHB Wessel Wemerman 0-0: Hit by Pitch
Batting: RHB César López 0-0: Bunted foul
0-1: Sac Bunt - play at first, batter OUT! 2-4
Wessel Wemerman to second
Batting: SHB Manuel González 0-0: Ground out 4-3 (Groundball, 34)
Wessel Wemerman to third
Batting: RHB Jim Burch 0-0: Ball
1-0: Swinging Strike
1-1: SINGLE (Flyball, 8RM)
Wessel Wemerman scores
Batting: RHB Domingo Calderón 0-0: SINGLE (Line Drive, 5D)
Jim Burch to second
Batting: RHB Victorino Navarro 0-0: Foul Ball, location: 2F
0-1: Ball
1-1: Ball
2-1: Ball
3-1: Base on Balls
Jim Burch to third
Domingo Calderón to second
Batting: SHB Francisco Valentín 0-0: Called Strike
0-1: Foul Ball, location: 2F
0-2: Ball
1-2: Ball
2-2: Foul Ball, location: 2F
2-2: Strikes out swinging
Top of the 5th over - 1 run(s), 2 hit(s), 0 error(s), 3 left on base; Louisiana 1 - York 3
BOTTOM OF THE 5TH
York Revolution batting - Pitching for Louisiana Dragoons : RHP Nicholas Beyer
Batting: SHB Bradley Rowe 0-0: Ball
1-0: Called Strike
1-1: Fly out, F2 (Popup, 2RF)
Batting: RHB Roberto Ruíz 0-0: Swinging Strike
0-1: Ground out 5-3 (Groundball, 5)
Batting: RHB Chris Costa 0-0: Ball
1-0: Foul Ball, location: 2F
1-1: SINGLE (Line Drive, 8LS)
Batting: RHB Danilo Mosca 0-0: Foul Ball, location: 2F
0-1: Ball
1-1: Ball
2-1: Fly out, F9 (Flyball, 9LM)
Bottom of the 5th over - 0 run(s), 1 hit(s), 0 error(s), 1 left on base; Louisiana 1 - York 3
TOP OF THE 6TH
Louisiana Dragoons batting - Pitching for York Revolution : RHP Luis Hernández
Batting: LHB Willie Brown 0-0: Ground out 4-3 (Groundball, 4)
Batting: RHB Marlon Cummins 0-0: Called Strike
0-1: Ball
1-1: Foul Ball, location: 2F
1-2: Ball
2-2: Fly out, F9 (Popup, 4D)
Batting: RHB Wessel Wemerman 0-0: Foul Ball, location: 2F
0-1: DOUBLE (Flyball, 8LXD)
Batting: RHB César López 0-0: Ball
1-0: Foul Ball, location: 2F
1-1: Foul Ball, location: 2F
1-2: Foul Ball, location: 2F
1-2: Ball
2-2: Foul Ball, location: 2F
2-2: Ball
3-2: Fly out, F8 (Flyball, 78M)
Top of the 6th over - 0 run(s), 1 hit(s), 0 error(s), 1 left on base; Louisiana 1 - York 3
BOTTOM OF THE 6TH
York Revolution batting - Pitching for Louisiana Dragoons : RHP Nicholas Beyer
Batting: LHB Marcos Deleón 0-0: Fly out, F5 (Popup, 5D)
Batting: RHB Pedro Luna 0-0: Called Strike
0-1: Ground out 6-3 (Groundball, 6)
Batting: RHB Manny Cervantes 0-0: Called Strike
0-1: Foul Ball, location: 2F
0-2: Foul Ball, location: 2F
0-2: Foul Ball, location: 2F
0-2: Ball
1-2: DOUBLE (Line Drive, 5L)
Batting: RHB Jerrel Woestenberg 0-0: Swinging Strike
0-1: Swinging Strike
0-2: Strikes out looking
Bottom of the 6th over - 0 run(s), 1 hit(s), 0 error(s), 1 left on base; Louisiana 1 - York 3
TOP OF THE 7TH
Louisiana Dragoons batting - Pitching for York Revolution : RHP Luis Hernández
Batting: SHB Manuel González 0-0: Swinging Strike
0-1: Foul Ball, location: 2F
0-2: Foul Ball, location: 2F
0-2: Foul Ball, location: 2F
0-2: SINGLE (Groundball, 6MD)
Batting: RHB Jim Burch 0-0: Ball
1-0: Called Strike
1-1: Ball
2-1: Bunted foul
2-2: Fly out, F5 (Line Drive, 56)
Batting: RHB Domingo Calderón 0-0: Ball
Manuel González steals 2nd base
1-0: SINGLE (Groundball, 6MD)
Manuel González to third
Runner from 3rd tries for Home, SAFE, no throw or cutoff
Batting: RHB Victorino Navarro 0-0: Called Strike
0-1: Called Strike
0-2: Foul Ball, location: 2F
0-2: Fly out, F8 (Flyball, 8LS)
Pinch Hitting: LHB Manny Hernández 0-0: Ball
1-0: Called Strike
1-1: Ball
2-1: Ball
3-1: Swinging Strike
3-2: Foul Ball, location: 2F
3-2: Foul Ball, location: 2F
3-2: Fly out, F8 (Flyball, 8RM)
Top of the 7th over - 1 run(s), 2 hit(s), 0 error(s), 1 left on base; Louisiana 2 - York 3
BOTTOM OF THE 7TH
York Revolution batting - Pitching for Louisiana Dragoons : RHP Nicholas Beyer
Now in LF: Manny Hernández
Batting: RHB Parker Smith 0-0: Called Strike
Single, Error in OF, E9, batter to second base
Batting: SHB Bradley Rowe 0-0: Ball
1-0: Foul Ball, location: 2F
1-1: Fly out, F8 (Flyball, 8LM)
Pinch Hitting: RHB Sergio Ortíz 0-0: Intentional Walk
Pitching: RHP Javier Hernández
Batting: RHB Chris Costa 0-0: Called Strike
0-1: Fielders Choice at 3rd, U5 (Groundball, 5L)
Sergio Ortíz to second
Batting: RHB Danilo Mosca 0-0: Called Strike
0-1: Ball
1-1: Swinging Strike
1-2: Strikes out looking
Bottom of the 7th over - 0 run(s), 1 hit(s), 1 error(s), 2 left on base; Louisiana 2 - York 3
TOP OF THE 8TH
Louisiana Dragoons batting - Pitching for York Revolution : RHP Luis Hernández
Pitching: RHP Chi-hun O
Now at 3B: Sergio Ortíz
Batting: LHB Willie Brown 0-0: Ball
1-0: Ball
2-0: Ball
3-0: Called Strike
3-1: Called Strike
3-2: SINGLE (Groundball, 56D)
Pitching: LHP Miguel Toro
Pinch Runner at 1st Sancho Rodríguez:
Batting: RHB Marlon Cummins 0-0: Bunted foul
0-1: Bunted foul
0-2: SINGLE (Line Drive, 78S)
Sancho Rodríguez to second
Batting: RHB Wessel Wemerman 0-0: Bunted foul
0-1: Sac Bunt - play at first, batter safe!
Sancho Rodríguez to third
Marlon Cummins to second
Pinch Hitting: RHB Danny Penn 0-0: Called Strike
0-1: Ball
1-1: Called Strike
1-2: Foul Ball, location: 2F
1-2: Grounds into double play, 1-2-3 (Groundball, 2R)
Marlon Cummins to third
Wessel Wemerman to second
Batting: SHB Manuel González 0-0: Called Strike
0-1: Called Strike
0-2: Strikes out looking
Top of the 8th over - 0 run(s), 3 hit(s), 0 error(s), 2 left on base; Louisiana 2 - York 3
BOTTOM OF THE 8TH
York Revolution batting - Pitching for Louisiana Dragoons : RHP Javier Hernández
Now at 3B: Sancho Rodríguez
Now in RF: Danny Penn
Batting: LHB Marcos Deleón 0-0: Called Strike
0-1: Ball
1-1: Called Strike
1-2: Ball
2-2: Ball
3-2: Foul Ball, location: 2F
3-2: Ground out 4-3 (Groundball, 4)
Batting: RHB Pedro Luna 0-0: Ball
1-0: Ball
2-0: Foul Ball, location: 2F
2-1: Foul Ball, location: 2F
2-2: Foul Ball, location: 2F
2-2: Strikes out swinging
Batting: RHB Manny Cervantes 0-0: Called Strike
0-1: Ball
1-1: Called Strike
1-2: Ball
2-2: Foul Ball, location: 2F
2-2: Foul Ball, location: 2F
2-2: Foul Ball, location: 2F
2-2: DOUBLE (Line Drive, 8RM)
Pinch Hitting: LHB Jim Unknown 0-0: Fly out, F9 (Line Drive, 9M)
Bottom of the 8th over - 0 run(s), 1 hit(s), 0 error(s), 1 left on base; Louisiana 2 - York 3
TOP OF THE 9TH
Louisiana Dragoons batting - Pitching for York Revolution : LHP Miguel Toro
Pitching: RHP Pablo Vargas
Now at 2B: Jay Kidd
Now at SS: Roberto Ramírez
Now in RF: Kelly Harris
Batting: RHB Jim Burch 0-0: Ball
1-0: Ball
2-0: Called Strike
2-1: Swinging Strike
2-2: Strikes out swinging
Batting: RHB Domingo Calderón 0-0: Ball
1-0: Called Strike
1-1: Foul Ball, location: 2F
1-2: Ball
2-2: Ball
3-2: Foul Ball, location: 2F
3-2: Base on Balls
Batting: RHB Victorino Navarro 0-0: Foul Ball, location: 2F
0-1: Ball
Wild Pitch!
Domingo Calderón to second
1-1: Foul Ball, location: 2F
1-2: Fly out, F4 (Line Drive, 4)
1-2: Lined into DP, 4-6 (Line Drive, 4)
Top of the 9th over - 0 run(s), 0 hit(s), 0 error(s), 0 left on base; Louisiana 2 - York 3
This league is powered by Out of the Park Baseball, the baseball management simulation game for PC, Mac and Linux
Friday, April 15th, 2016 - OOTP Baseball 16.9 Build 39